 Dungeon Crawl Stone Soup version 0.21.2-1-g0862bd23eb (webtiles) character file.

981 Flugslaktarn the Grave Robber (level 8, -7/58 HPs)
             Began as a Gnoll Necromancer on Feb 19, 2020.
             Was a Priest of Okawaru.
             Mangled by a hornet (9 damage)
             ... on level 7 of the Dungeon.
             The game lasted 01:19:10 (1317 turns).

Flugslaktarn the Grave Robber (Gnoll Necromancer)   Turns: 1317, Time: 01:19:11

Health: -7/58      AC:  7    Str: 12 (13) XL:     8   Next: 17%
Magic:  0/16       EV: 14    Int: 15      God:    Okawaru [***...]
Gold:   53         SH:  5    Dex: 14      Spells: 6/18 levels left

rFire    . . .     SeeInvis .   l - +0 long sword
rCold    . . .     Gourm    .   m - +0 buckler
rNeg     . . .     Faith    +   h - +0 leather armour (curse)
rPois    .         Spirit   .   (helmet restricted)
rElec    .         Reflect  .   (no cloak)
rCorr    .         Harm     .   (no gloves)
MR       .....                  (no boots)
Stlth    +++.......             d - amulet of faith
HPRegen  0.19/turn              k - +2 ring of protection
MPRegen  0.15/turn              (no ring)

@: lethally poisoned (-7 -> -16), very slightly contaminated, slowed, very slow
A: distributed training, antennae 1, fangs 1, slimy green scales 1, clumsy 1,
deterioration 1, dopey 1, strong nose
a: Heroism, Renounce Religion


You were on level 7 of the Dungeon.
You worshipped Okawaru.
Okawaru was most pleased with you.
You were not hungry.

You visited 1 branch of the dungeon, and saw 8 of its levels.

You collected 53 gold pieces.

Inventory:

Hand Weapons
 e - a +2 mace of protection
   (You found it on level 2 of the Dungeon)
 f - a +3 flail of crushing
   (You found it on level 2 of the Dungeon)
 l - a +0 long sword (weapon)
   (You found it on level 6 of the Dungeon)
Armour
 a - a +0 robe
 g - a +0 chain mail
   (You took it off an orc on level 3 of the Dungeon)
 h - a cursed +0 leather armour (worn)
   (You took it off an orc on level 4 of the Dungeon)
 i - a +0 helmet
   (You found it on level 4 of the Dungeon)
 m - a +0 buckler (worn)
   (You found it on level 7 of the Dungeon)
 n - a +0 ring mail
   (You found it on level 7 of the Dungeon)
Jewellery
 d - an amulet of faith (around neck)
   (You found it on level 1 of the Dungeon)
 k - a +2 ring of protection (left hand)
   (You found it on level 5 of the Dungeon)
Scrolls
 o - a scroll of remove curse {unknown}
Potions
 j - a potion of brilliance
 p - a potion of haste
Books
 b - a book of Necromancy
Comestibles
 c - a ration


   Skills:
 + Level 3.0 Fighting
 + Level 3.0 Short Blades
 + Level 3.0 Long Blades
 + Level 3.0 Axes
 + Level 3.0 Maces & Flails
 + Level 3.0 Polearms
 + Level 3.0 Staves
 + Level 3.0 Slings
 + Level 3.0 Bows
 + Level 3.0 Crossbows
 + Level 3.0 Throwing
 + Level 3.0 Armour
 + Level 5.5 Dodging
 + Level 5.2 Stealth
 + Level 3.0 Shields
 + Level 3.0 Unarmed Combat
 + Level 5.8 Spellcasting
 + Level 2.4 Conjurations
 + Level 2.4 Hexes
 + Level 2.4 Charms
 + Level 2.4 Summonings
 + Level 7.5 Necromancy
 + Level 2.4 Translocations
 + Level 2.4 Transmutations
 + Level 2.4 Fire Magic
 + Level 2.4 Ice Magic
 + Level 2.4 Air Magic
 + Level 2.4 Earth Magic
 + Level 2.4 Poison Magic
 + Level 3.2 Invocations
 + Level 3.0 Evocations


You had 6 spell levels left.
You knew the following spells:

 Your Spells              Type           Power        Failure   Level  Hunger
a - Pain                  Necr           ####         1%          1    None
c - Vampiric Draining     Necr           ####......   3%          3    ###....
e - Borgnjor's Vile Clut  Necr/Erth      ###.......   61%         5    ######.
w - Regeneration          Chrm/Necr      ###.......   9%          3    ###....


Dungeon Overview and Level Annotations

Branches:
Dungeon (8/15)
 Temple: D:4-7         Lair: D:8-11

Altars:
Elyvilon
Makhleb
Okawaru
Trog
Zin

Shops:
D:8 }


Innate Abilities, Weirdness & Mutations

Your experience applies equally to all skills.
You have very sharp teeth.
Your uncanny sense of smell can sniff out nearby items.
You have a pair of small antennae on your head.
You are partially covered in slimy green scales. (AC +2)
You are clumsy. (Dex -2)
Your body sometimes deteriorates upon taking damage.
You are dopey. (Int -2)


Message History

Aim: a hornet (heavily wounded)
The hornet is almost dead.
You feel life coursing into your body. The hornet closely misses you.
Casting: Vampiric Draining
Confirm with . or Enter, or press ? or * to list all spells.
Aiming: Pain
Press: ? - help, Shift-Dir - straight line, f/p - hornet
Aim: a hornet (almost dead, chance to defeat MR: 78%)
The hornet barely resists.
The hornet stings you!
You are poisoned.
You feel yourself slow down. The hornet stings you.
* * * LOW HITPOINT WARNING * * *
You feel as though you will be slow longer.
Press: ? - help, v - describe, . - travel
Here: a hornet (severely wounded)
The floor.
Okay, then.
Unknown command.
Unknown command.
You hit the hornet but do no damage.
The hornet is severely wounded.
You feel sick. You block the hornet's attack. x2
The hornet barely misses you.
You closely miss the hornet.
The hornet is severely wounded.
You feel sick. The hornet stings you!
* * * LOW HITPOINT WARNING * * *
You are more poisoned.
You feel as though you will be slow longer.
You block the hornet's attack. The hornet stings you!
* * * LOW HITPOINT WARNING * * *
Your body deteriorates!
You feel weakened.
You feel as though you will be slow longer.
Unknown command.
Casting: Pain
Confirm with . or Enter, or press ? or * to list all spells.
Aiming: Pain
Press: ? - help, Shift-Dir - straight line, f/p - hornet
Aim: a hornet (severely wounded, chance to defeat MR: 78%)
Okay, then.
Casting: Pain
Confirm with . or Enter, or press ? or * to list all spells.
Aiming: Pain
Press: ? - help, Shift-Dir - straight line, f/p - hornet
Aim: a hornet (severely wounded, chance to defeat MR: 78%)
The hornet writhes in agony!
* * * LOW HITPOINT WARNING * * *
You feel sick. The hornet stings you!
You die...

#.# #### ..# ...# #.# ##.# #.#
.#.######## #.# .#......... #.#
.#.........# #%# ######
.#.........##.##y#######......
.#.†.......##.##@#..........#
.#.........##.##.#..........#
.#.........##.##.#..........#
.#.........##.##.#..........#
.#.........##.##.#..........#
##.(.......##.##.#..........#####
..............[............['....
##.........##.##.#..........#####
#.##########.##.#.......)....


You could see a hornet.

Vanquished Creatures
  A hungry ghost (D:7)
  A black bear (D:6)
  A bullfrog (D:6)
  5 killer bees (D:8)
  A scorpion (D:5)
  5 hounds
  2 orc priests (D:4)
  3 orc wizards
  Jessica (D:2)
  A worker ant (D:7)
  A howler monkey skeleton (D:6)
  An adder (D:2)
  A shadow imp (D:7)
  An ooze (D:6)
  An adder skeleton (D:4)
  An adder zombie (D:6)
  A leopard gecko (D:1)
  16 orcs
  2 bats
  A giant cockroach (D:2)
  A hobgoblin (D:1)
  A quokka (D:4)
  A ball python (D:3)
  A frilled lizard (D:4)
  3 kobolds
  A quokka skeleton (D:6)
  4 rats
59 creatures vanquished.

Notes
Turn   | Place    | Note
-------+----------+-------------------------------------------
     0 | D:1      | Flugslaktarn the Gnoll Necromancer began the quest for the Orb.
     0 | D:1      | Reached XP level 1. HP: 13/13 MP: 6/6
    44 | D:2      | Found an iron altar of Okawaru.
    53 | D:2      | Became a worshipper of Warmaster Okawaru
    67 | D:2      | Reached XP level 2. HP: 14/20 MP: 2/7
    77 | D:2      | Noticed Jessica
    86 | D:2      | Killed Jessica
    86 | D:2      | Reached skill level 5 in Spellcasting
    86 | D:2      | Reached XP level 3. HP: 16/25 MP: 1/9
    93 | D:2      | Reached skill level 1 in Invocations
   174 | D:1      | Learned a level 3 spell: Vampiric Draining
   179 | D:1      | Learned a level 3 spell: Regeneration
   203 | D:2      | You fall through a shaft!
   210 | D:3      | Found a burning altar of Makhleb.
   219 | D:3      | Reached skill level 1 in Fighting
   219 | D:3      | Reached skill level 1 in Short Blades
   219 | D:3      | Reached skill level 1 in Long Blades
   219 | D:3      | Reached skill level 1 in Axes
   219 | D:3      | Reached skill level 1 in Maces & Flails
   219 | D:3      | Reached skill level 1 in Polearms
   219 | D:3      | Reached skill level 1 in Staves
   219 | D:3      | Reached skill level 1 in Slings
   219 | D:3      | Reached skill level 1 in Bows
   219 | D:3      | Reached skill level 1 in Crossbows
   219 | D:3      | Reached skill level 1 in Throwing
   219 | D:3      | Reached skill level 1 in Armour
   219 | D:3      | Reached skill level 1 in Shields
   219 | D:3      | Reached skill level 1 in Unarmed Combat
   219 | D:3      | Reached skill level 1 in Evocations
   219 | D:3      | Reached XP level 4. HP: 13/32 MP: 2/11
   305 | D:3      | Reached skill level 1 in Conjurations
   305 | D:3      | Reached skill level 1 in Hexes
   305 | D:3      | Reached skill level 1 in Charms
   305 | D:3      | Reached skill level 1 in Summonings
   305 | D:3      | Reached skill level 1 in Translocations
   305 | D:3      | Reached skill level 1 in Transmutations
   305 | D:3      | Reached skill level 1 in Fire Magic
   305 | D:3      | Reached skill level 1 in Ice Magic
   305 | D:3      | Reached skill level 1 in Air Magic
   305 | D:3      | Reached skill level 1 in Earth Magic
   305 | D:3      | Reached skill level 1 in Poison Magic
   306 | D:3      | Reached XP level 5. HP: 24/37 MP: 3/12
   368 | D:4      | Reached * piety under Okawaru
   439 | D:4      | Reached XP level 6. HP: 27/44 MP: 8/13
   507 | D:4      | Found a bloodstained altar of Trog.
   512 | D:4      | Found a glowing silver altar of Zin.
   553 | D:4      | Learned a level 5 spell: Borgnjor's Vile Clutch
   568 | D:5      | Entered Level 5 of the Dungeon
   721 | D:6      | Reached skill level 5 in Dodging
   770 | D:8      | Found Iduunet's Gadget Emporium.
   780 | D:8      | Reached XP level 7. HP: 39/50 MP: 8/15
   782 | D:8      | Reached ** piety under Okawaru
   874 | D:7      | Gained mutation: Armour fits poorly on your strangely shaped body. [potion of mutation]
   874 | D:7      | Gained mutation: You have a pair of small antennae on your head. [potion of mutation]
   874 | D:7      | Gained mutation: Your spells are a little harder to cast, but a little more powerful. [potion of mutation]
   875 | D:7      | Lost mutation: Armour fits poorly on your strangely shaped body. [potion of mutation]
   875 | D:7      | Lost mutation: Your spells are a little harder to cast, but a little more powerful. [potion of mutation]
   875 | D:7      | Gained mutation: You are dopey. (Int -2) [potion of mutation]
   875 | D:7      | Gained mutation: You are clumsy. (Dex -2) [potion of mutation]
   875 | D:7      | Gained mutation: Your body sometimes deteriorates upon taking damage. [potion of mutation]
   875 | D:7      | Gained mutation: You are partially covered in slimy green scales. (AC +2) [potion of mutation]
  1020 | D:6      | Reached skill level 5 in Stealth
  1065 | D:6      | Found a white marble altar of Elyvilon.
  1224 | D:7      | Noticed a hungry ghost
  1245 | D:7      | Killed a hungry ghost
  1245 | D:7      | Reached *** piety under Okawaru
  1245 | D:7      | Reached XP level 8. HP: 56/57 MP: 16/16
  1305 | D:7      | Noticed a hornet
  1317 | D:7      | HP: 2/58 [poisoned by a hornet]
  1317 | D:7      | Mangled by a hornet

Skill      XL: |  1  2  3  4  5  6  7  8 |
---------------+-------------------------+-----
Spellcasting   | 5 |  5.8
Invocations    | 1 2 3 |  3.2
Fighting       | 1 2 3 |  3.0
Short Blades   | 1 2 3 |  3.0
Long Blades    | 1 2 3 |  3.0
Axes           | 1 2 3 |  3.0
Maces & Flails | 1 2 3 |  3.0
Polearms       | 1 2 3 |  3.0
Staves         | 1 2 3 |  3.0
Slings         | 1 2 3 |  3.0
Bows           | 1 2 3 |  3.0
Crossbows      | 1 2 3 |  3.0
Throwing       | 1 2 3 |  3.0
Armour         | 1 2 3 |  3.0
Shields        | 1 2 3 |  3.0
Unarmed Combat | 1 2 3 |  3.0
Evocations     | 1 2 3 |  3.0
Conjurations   | 1 2 |  2.4
Hexes          | 1 2 |  2.4
Charms         | 1 2 |  2.4
Summonings     | 1 2 |  2.4
Translocations | 1 2 |  2.4
Transmutations | 1 2 |  2.4
Fire Magic     | 1 2 |  2.4
Ice Magic      | 1 2 |  2.4
Air Magic      | 1 2 |  2.4
Earth Magic    | 1 2 |  2.4
Poison Magic   | 1 2 |  2.4
Dodging        | 5 |  5.5
Stealth        | 5 |  5.2
Necromancy     | |  7.5

Action                   |  1- 3 |  4- 6 |  7- 9 || total
-------------------------+-------+-------+-------++-------
Melee: Flail             |    13 |    78 |    85 ||   176
       Bite              |       |     8 |     7 ||    15
       Long sword        |       |       |     2 ||     2
 Cast: Pain              |    18 |    19 |     4 ||    41
       Regeneration      |     1 |     4 |     5 ||    10
       Vampiric Draining |       |     4 |    13 ||    17
Invok: Heroism           |       |       |     3 ||     3
  Use: Potion            |     3 |     3 |     2 ||     8
       Scroll            |       |     2 |       ||     2
 Stab: Invisible         |       |     2 |       ||     2
  Eat: Ration            |       |     3 |       ||     3
Armor: Robe              |     8 |     5 |       ||    13
       Leather armour    |       |     1 |    33 ||    34
Dodge: Dodged            |    25 |    84 |   117 ||   226
Block: Buckler           |       |       |    19 ||    19
       Rpst.: Long sword |       |       |     1 ||     1
